[Event "44th Chess Olympiad Women 2022"]
[Site "Chennai"]
[Date "2022.08.05"]
[Round "7.22"]
[White "Guo, Yu Han"]
[Black "Hapala, Elisabeth"]
[Result "0-1"]
[WhiteElo "1630"]
[BlackElo "2113"]
[Annotator "NA RC"]
[PlyCount "48"]
[EventDate "2022.??.??"]
[TimeControl "60"]

1. d4 Nf6 2. c4 e6 3. Nc3 Bb4 4. e3 O-O 5. Nge2 Re8 6. a3 Bf8 7. e4 d5 8. e5 Nfd7 9. cxd5 exd5 10. Nxd5 c5 11. f4 cxd4 12. Qxd4 Nc6 13. Qc4 Ndxe5 14. fxe5 Nxe5 15. Qd4 Bc5 16. Qd2 Bf5 17. Ndf4 Qh4+ 18. g3 Nf3+ 19. Kd1 Qe7 20. Nd5 Qe5 21. Ndc3 Nxd2 22. Bxd2 Rad8 23. b4 Rxd2+ 24. Kxd2 Qe3+ 0-1

[Event "44th Chess Olympiad Women 2022"]
[Site "Chennai"]
[Date "2022.08.05"]
[Round "7.22"]
[White "Mayrhuber, Nikola"]
[Black "Mills, Morgen"]
[Result "1/2-1/2"]
[WhiteElo "2141"]
[BlackElo "1993"]
[Annotator "NA RC"]
[PlyCount "61"]
[EventDate "2022.??.??"]
[TimeControl "60"]

1. d4 d5 2. c4 e6 3. Nc3 Nf6 4. cxd5 Nxd5 5. e4 Nxc3 6. bxc3 c5 7. Rb1 cxd4 8. cxd4 Bd6 9. Nf3 Nc6 10. Bb5 O-O 11. O-O Bd7 12. Bg5 Be7 13. Be3 a6 14. Be2 b5 15. a4 Na7 16. Ne5 Bd6 17. Nxd7 Qxd7 18. axb5 Nxb5 19. Qa4 Qc7 20. Bxb5 axb5 21. Qxb5 Rab8 22. Qh5 Rxb1 23. Rxb1 Qc2 24. Qd1 Qxe4 25. Rb6 Bc7 26. Rb5 Rb8 27. Qb3 Qa8 28. Rxb8+ Qxb8 29. Qxb8+ Bxb8 30. h3 Kf8 31. Kf1 1/2-1/2

[Event "44th Chess Olympiad Women 2022"]
[Site "Chennai"]
[Date "2022.08.05"]
[Round "7.23"]
[White "Alinasab, Mobina"]
[Black "Gomez Barrera, Javiera Belen"]
[Result "1/2-1/2"]
[WhiteElo "2364"]
[BlackElo "2210"]
[Annotator "TA"]
[PlyCount "170"]
[EventDate "2022.??.??"]
[TimeControl "60"]

1. e4 e5 2. Nf3 Nc6 3. Bb5 a6 4. Ba4 Nf6 5. Nc3 b5 6. Bb3 Be7 7. d3
{[%emt 0:00:10] 7.a4 is more advanced technology.} Bb7 {[%emt 0:00:00] C77:
Ruy Lopez: 3...a6 4 Ba4 Nf6, unusual lines.} 8. a3 {[%emt 0:04:51] [#]} h6 $146 ({Predecessor:} 8... d6 9. O-O O-O 10. Nd5 h6 11. c3 Re8 12.
Nxe7+ Nxe7 13. Nh4 c5 14. f4 c4 15. fxe5 dxe5 16. dxc4 Qxd1 17. Rxd1 Bxe4 18.
cxb5 axb5 {1-0 (60) Bernadskiy,V (2547)-Harsha,B (2492) Ahmedabad 2018}) 9. Nd5 Bd6 {[%emt 0:05:41] White has an edge.} 10. Ne3 Bf8 11. O-O d6 12. Nd5 Nxd5 13. Bxd5 Be7 14. d4 Rb8 15. dxe5 {[%emt 0:13:12]
White is more active.} Nxe5 16. Nd4 c6 17. Ba2 {[%emt 0:01:27] And now f4 would win.} O-O $1 18. Nf5 {[%emt 0:01:04][%cal Yc1h6] [#] Hoping for Bxh6!} Bc8 19. Qh5 Bxf5 20. Qxf5 Qc8 21. Qh5 Qg4 22. Qxg4 Nxg4 23. Bd2 Bf6 24. Rab1 Rfe8 25. h3 Ne5 26. b3 {[%emt 0:07:25] Inhibits Nc4.} Ng6 27. Rfe1 Rb7 28. Rbd1 Rbe7 29. f3 Bh4 30. Rf1 Bg3 31. Be3 f5 (31... d5 $15) 32. Bf2 $11 Bxf2+ 33. Rxf2 fxe4 {[%emt 0:00:36] [#] aiming for ...e3.} 34.
fxe4 (34. Rxd6 {seems wilder.} e3 35. b4+ Kh8 36. Rf1) 34...
Rxe4 35. Rxd6 Ne5 36. b4+ Kh8 37. Bb3 Re1+ 38. Rf1 Rxf1+ 39. Kxf1 {[%emt 0:00:01]
Endgame KRB-KRN} g6 40. Re6 ({Better is} 40.
a4 $14) 40... Rxe6 41. Bxe6 {[%emt 0:30:01] KB-KN} Kg7 42. Ke2 $1 Kf6 43. Bc8 Nc4 44. Bb7 Ke5 45. Bxc6 Nxa3 (45... Kd4 $5 ) 46. Kd3 {[%emt 0:00:00] Threatens to win with Bb7.} Nc4 {[%emt 0:00:
12] The position is equal.} 47. Bb7 a5 48.
bxa5 Nxa5 49. Be4 g5 50. c3 Kd6 51. Kd4 Nb3+ 52. Ke3 Nc5 53.
Bf3 Na4 54. Kd4 Kc7 55. Bd1 Kc6 56. c4 {[%emt 0:
02:14] Strongly threatening cxb5+.} Nc5 57. Bf3+ Kb6 58. cxb5 Kxb5 59.
Ke5 Kc4 60. Kf5 {[%emt 0:00:51] Kg6 is the
strong threat.} Kd4 61. Kg6 Ke3 62. Kxh6 Kf4 63. Kh5 Nd3 64. Bg4 Nf2 65. Bc8 Ne4 66. Bb7 {[%emt 0:00:30] Bxe4 would kill
now.} Ng3+ 67. Kg6 Ne2 68.
Bf3 Nd4 69. Bg4 Nc2 70. g3+ Kxg3 71. Kxg5 {
[%emt 0:00:06] Threatening mate with h4.} Ne3 72. Be6 Ng2 73. Bc8 Kh2 74. Kg4 Ne3+ 75. Kf4 Ng2+ 76. Kg4 Ne3+ 77. Kf3 $1
{[%emt 0:00:01] Intending h4 and mate.} Ng2 $1 78. Kf2 Nh4 79. Bg4 Ng6 80. Kf3 Nh4+ 81. Kf4 Ng2+ 82. Kg5 Kg3 83. Bc8 Nh4 84. Bg4 Ng2 85. Bc8 Nh4 {[%emt 0:00:04] Weighted Error Value:
White=0.09 (flawless) /Black=0.09 (flawless)} 1/2-1/2

[Event "44th Chess Olympiad Women 2022"]
[Site "Chennai"]
[Date "2022.08.05"]
[Round "7.23"]
[White "Morales Flores, Monserrat"]
[Black "Masoumi, Sahar"]
[Result "1-0"]
[WhiteElo "1946"]
[BlackElo "1956"]
[Annotator "NA RC"]
[PlyCount "45"]
[EventDate "2022.??.??"]
[TimeControl "60"]

1. e4 c5 2. Nf3 e6 3. d4 cxd4 4. Nxd4 Nf6 5. Nc3 Nc6 6. Be2 Bb4 7. O-O Bxc3 8. bxc3 Nxe4 9. Qd3 d5 10. Ba3 a6 11. Nxc6 bxc6 12. c4 Qa5 13. Bf3 Nd2 14. cxd5 cxd5 15. Rfd1 Nxf3+ 16. Qxf3 f6 17. c4 Bb7 18. Qg3 Kf7 19. Rab1 Bc6 20. cxd5 Bxd5 21. Rb7+ Bxb7 22. Rd7+ Ke8 23. Re7+ 1-0

[Event "44th Chess Olympiad Women 2022"]
[Site "Chennai"]
[Date "2022.08.05"]
[Round "7.23"]
[White "Toro Pradenas, Maria Jose"]
[Black "Asgharzadeh, Mitra"]
[Result "0-1"]
[WhiteElo "1945"]
[BlackElo "1988"]
[Annotator "NA"]
[PlyCount "72"]
[EventDate "2022.??.??"]
[TimeControl "60"]

1. e4 e6 2. d4 d5 3. Nc3 Nf6 4. e5 Nfd7 5. f4 c5 6. Nf3 Nc6 7. Be3 Be7 8. Qd2 O-O 9. Bd3 b6 10. O-O f5 11. exf6 Bxf6 12. Bb5 Nxd4 13. Nxd4 cxd4 14. Bxd4 Bb7 15. Rae1 Bxd4+ 16. Qxd4 Nc5 17. b4 Ne4 18. Bd3 Rc8 19. Ne2 Qh4 20. Qe5 Qe7 21. Nd4 Qxb4 22. Nxe6 Rf6 23. f5 Qc3 24. Qf4 Re8 25. Qg4 Rfxe6 26. fxe6 Qd4+ 27. Kh1 Nf2+ 28. Rxf2 Qxg4 29. e7 Qg5 30. Rf5 Qh4 31. g3 Qb4 32. Rfe5 Qc5 33. Bf5 Qf2 34. Be6+ Kh8 35. Bf5 d4+ 36. Be4 Qxe1+ 0-1

[Event "44th Chess Olympiad Women 2022"]
[Site "Chennai"]
[Date "2022.08.05"]
[Round "7.23"]
[White "Zahedifar, Anahita"]
[Black "Reyes Jara, Paula"]
[Result "1-0"]
[WhiteElo "2160"]
[BlackElo "1858"]
[Annotator "NA"]
[PlyCount "65"]
[EventDate "2022.??.??"]
[TimeControl "60"]

1. d4 Nf6 2. c4 g6 3. h4 Bg7 4. Nc3 d6 5. e4 Nbd7 6. Be2 h5 7. Bg5 c6 8. Qd2 Qc7 9. f3 Nf8 10. Nh3 Bxh3 11. Rxh3 O-O-O 12. O-O-O Ne6 13. Be3 Qa5 14. Kb1 Nd7 15. Rc1 Kb8 16. d5 Nec5 17. Bg5 Rhe8 18. dxc6 Ne5 19. Nd5 Nxc6 20. Qxa5 Nxa5 21. Bxe7 Rxe7 22. Nxe7 Na4 23. b4 Rd7 24. Nd5 Nc6 25. Bd1 Nb2 26. f4 Nxd1 27. Rxd1 Nd4 28. f5 Be5 29. fxg6 fxg6 30. Rf1 Rd8 31. Rf7 Rc8 32. Ne7 Rxc4 33. Rf8+ 1-0

[Event "44th Chess Olympiad Women 2022"]
[Site "Chennai"]
[Date "2022.08.05"]
[Round "7.24"]
[White "Eftovska, Lea"]
[Black "Vidic, Teja"]
[Result "0-1"]
[WhiteElo "1634"]
[BlackElo "2099"]
[Annotator "NA"]
[PlyCount "66"]
[EventDate "2022.??.??"]
[TimeControl "60"]

1. e4 c5 2. Nc3 d6 3. f4 g6 4. Nf3 Bg7 5. Bb5+ Bd7 6. Bxd7+ Qxd7 7. d3 Nc6 8. O-O e6 9. a3 Nge7 10. Qe1 O-O 11. Bd2 Nd4 12. Nxd4 cxd4 13. Ne2 Rac8 14. Rc1 Qb5 15. Bb4 Rfd8 16. Rf3 Nc6 17. c4 dxc3 18. Bxc3 Qb6+ 19. Kh1 Nd4 20. Nxd4 Bxd4 21. Bxd4 Qxd4 22. Rc3 d5 23. exd5 Qxd5 24. Qc1 Rxc3 25. Qxc3 h5 26. h3 b5 27. Qa5 Qd7 28. b3 Rc8 29. Qd2 Qd4 30. Kh2 Rc3 31. Qd1 a5 32. Kg3 Kg7 33. Rf2 Rxd3+ 0-1

[Event "44th Chess Olympiad Women 2022"]
[Site "Chennai"]
[Date "2022.08.05"]
[Round "7.24"]
[White "Janzelj, Lara"]
[Black "Manova, Ivana"]
[Result "1/2-1/2"]
[WhiteElo "2215"]
[BlackElo "1849"]
[Annotator "NA RC"]
[PlyCount "85"]
[EventDate "2022.??.??"]
[TimeControl "60"]

1. Nf3 Nf6 2. c4 e6 3. g3 b6 4. Bg2 Bb7 5. O-O Be7 6. b3 O-O 7. Bb2 d6 8. Qc2 Nbd7 9. Nc3 a6 10. d4 c5 11. Rad1 Qc7 12. e4 Rfe8 13.
d5 Bf8 14. dxe6 Rxe6 15. Ng5 Ree8 16. Nh3 Rad8 17. Nf4 Ne5 18. a3 g6 19. Nfe2 Bc6 20. h3 b5 21. f4 Ned7 22. Nd5 Bxd5 23. cxd5 Bg7 24. Nd4 Nb8 25. Rfe1 Rc8 26. Nf3 c4 27. e5 Nfd7 28. exd6 Rxe1+ 29. Rxe1 Qb6+ 30. Kh2 Bxb2 31. Qxb2 c3 32. Qc2 Qxd6 33. Ne5 Nb6 34. b4 Na4 35. Re2 Nd7 36. Nc6 Kg7 37. Ne7 Rc4 38. Nc6 Nf6 39. Re5 Nb6 40. Bf1 Nfxd5 41. Bxc4 Nxc4 42. Rxd5 Qxd5 43. Qxc3+ 1/2-1/2

[Event "44th Chess Olympiad Women 2022"]
[Site "Chennai"]
[Date "2022.08.05"]
[Round "7.24"]
[White "Rozman, Monika"]
[Black "Zhezhovska, Monika"]
[Result "1-0"]
[WhiteElo "2104"]
[BlackElo "1588"]
[Annotator "NA RC"]
[PlyCount "43"]
[EventDate "2022.??.??"]
[TimeControl "60"]

1. e4 c5 2. Nf3 d6 3. Bb5+ Bd7 4. Bxd7+ Qxd7 5. O-O Nf6 6. Re1 Nc6 7. c3 g6 8. d4 cxd4 9. cxd4 Bg7 10. Nc3 O-O 11. Bg5 Rfe8 12. Qd2 Rac8 13. Rac1 Qd8 14. Bh6 Bh8 15. h3 Qa5 16. Red1 b5 17. e5 b4 18.
exf6 bxc3 19. Rxc3 exf6 20. d5 Nb4 21. Rxc8 Rxc8 22. a3 1-0

[Event "44th Chess Olympiad Women 2022"]
[Site "Chennai"]
[Date "2022.08.05"]
[Round "7.24"]
[White "Stojkovska, Monika"]
[Black "Urh, Zala"]
[Result "0-1"]
[WhiteElo "2091"]
[BlackElo "2321"]
[Annotator "TA"]
[PlyCount "58"]
[EventDate "2022.??.??"]
[TimeControl "60"]

1. d4 Nf6 2. c4 g6 3. Nc3 d5 4. cxd5 Nxd5 5. Qb3 Nb6 6. Nf3 Bg7 7. Bf4 O-O 8. e3 Be6 {[%emt 0:12:53] D90: Grünfeld: 4 Nf3 Bg7 sidelines.} 9.
Qa3 a5 {[%emt 0:06:38] [#]} 10. Qc5 $146 ({
Predecessor:} 10. Be2 Nc6 11. Rc1 Nb4 12. b3 Bg4 13. O-O Bxf3 14. Bxf3 Nd3 15.
Bxb7 Rb8 16. Be4 Nxf4 17. exf4 Qxd4 18. Qxa5 {½-½ (83) Meskovs,N (2541)
-Pultinevicius,P (2485) Riga 2019}) 10... c6 {[%emt 0:05:01] The position is
equal.} 11. Bxb8 (11. Be2 $11) 11... Nd7 $1 $15 12. Bc7 Qxc7 $17 13. Qxe7 Rfe8 14. Qh4 Qb6 $1 $36 {[%emt 0:04:29]
Black has strong compensation. Black has good play.} 15. O-O-O h6 {[%emt 0:02:55] Against Ng5} 16. Kb1 $2 {[%emt 0:09:22] [#]} (16. Bd3 $15)
16... a4 $1 $19 17. Nd2 (
17. a3 {was called for.} Bf8 18. Kc1) 17... a3 18. b3 Qb4 19. Rc1 c5 20. Bc4 g5 21. Qg3 {[%emt 0:02:50] [#]} (21. Qh5 $142 cxd4 22. exd4) 21...
Bf5+ $1 22. e4 cxd4 23. exf5
{[%emt 0:02:39] And now Nce4 would win.} dxc3 24. Nf3 Rac8 25. Qg4 {[%emt 0:08:04][%cal Yc4f7]
Strongly threatening Bxf7+!} Kf8 {[%emt 0:00:20] Hoping for ...b5.} 26. Rhe1 Rxe1 27. Rxe1 c2+ 28. Kc1 Qc3 29. f6 Qb2+ {[%emt 0:00:10] White got outplayed after the opening. Weighted Error
Value: White=0.92/Black=0.08 (flawless)} 0-1

[Event "44th Chess Olympiad Women 2022"]
[Site "Chennai"]
[Date "2022.08.05"]
[Round "7.25"]
[White "Barbier, Astrid"]
[Black "Pachon, Adriana"]
[Result "1-0"]
[WhiteElo "1879"]
[BlackElo "2007"]
[Annotator "NA RC"]
[PlyCount "85"]
[EventDate "2022.??.??"]
[TimeControl "60"]

1. e4 e5 2. Nf3 Nc6 3. Bb5 a6 4. Ba4 Nf6 5. d3 b5 6. Bb3 Bc5 7. O-O d6 8. c3 Bb6 9. Be3 Rb8 10. Nbd2 Bg4 11. h3 Bh5 12. a4 O-O 13.
Bxb6 Rxb6 14. a5 Rb7 15. Qc2 Qe7 16. Rfe1 Bg6 17. Nh4 Na7 18. Nxg6 hxg6 19. Nf1 c5 20. Ne3 Rc8 21. Nd5 Nxd5 22. Bxd5 Nc6 23. Qe2 Rbc7 24. Qg4 Kh7 25. Re3 Nd8 26. Rf1 Ne6 27. g3 c4 28. f4 exf4 29. gxf4 cxd3 30. f5 gxf5 31. exf5 Qg5 32. Qxg5 Nxg5 33. h4 Rc5 34. Bb3 Re5 35. Rxe5 Nh3+ 36. Kg2 dxe5 37. Kxh3 e4 38. Re1 Re8 39. Re3 f6 40. Kg3 g6 41. Kf4 gxf5 42. Kxf5 Re5+ 43. Kxf6 1-0

[Event "44th Chess Olympiad Women 2022"]
[Site "Chennai"]
[Date "2022.08.05"]
[Round "7.25"]
[White "Castrillon Gomez, Melissa"]
[Black "Goossens, Hanne"]
[Result "0-1"]
[WhiteElo "2230"]
[BlackElo "2159"]
[Annotator "ChessBase"]
[PlyCount "156"]
[EventDate "2022.??.??"]
[TimeControl "60"]

1. Nf3 Nf6 2. c4 e6 3. g3 d5 4. Bg2 c5 5. O-O Nc6 6. cxd5 Nxd5 7. d4 cxd4 8. Nxd4 Ndb4 9. Nxc6 Qxd1 10. Rxd1 Nxc6 11. Nc3 Be7 12. Nb5 O-O 13. Be3 a5 14. Rac1 e5 15. Bxc6 bxc6 16. Na7 Be6 17. Nxc6 Rfe8 18. b3 Ba3 19. Rc2 Rec8 20. Bc1 Bf8 21. Bb2 f6 22. Rdc1 Kf7 23. e4 g5 24. Rc3 g4 25. f4 gxf3 26. Rxf3 Kg7 27. Rfc3 Bb4 28. Rd3 Bf8 29. Kg2 Kg6 30. a3 Ra6 31. Rdc3 Rca8 32. Rf1 Bd7 33. Rfc1 Rb6 34. R1c2 Kf7 35. h4 Ke8 36. Bc1 Raa6 37. Nxa5 Rxa5 38. b4 Ra8 39. Kf3 h5 40. Kf2 Rba6 41. Bb2 Bd6 42. Rd3 Ke7 43. Rdc3 Rb8 44. Rc4 Raa8 45. Ke3 Rc8 46. Rxc8 Rxc8 47. Rxc8 Bxc8 48. b5 Kd7 49. a4 Bb4 50. Kd3 Bb7 51. Bc1 Ke6 52. Be3 Ba5 53. Bf2 Kd6 54. g4 hxg4 55. h5 Ke6 56. h6 Kf7 57. Bh4 Bd8 58.
a5 Bxa5 59. h7 Kg7 60. Bxf6+ Kxh7 61. Bxe5 Bb6 62. Bg3 Kg6 63. Bf4 Kh5 64. e5 Kg6 65. Bh2 Kf5 66. Bg3 Bg2 67. Kc4 Ke6 68. Kb4 Bf1 69. Bf4 Kd5 70. Ka4 Bd3 71. Bg3 Bc7 72. Bf2 Bxe5 73. Ka5 Bc3+ 74. Ka6 Bd4 75. Bg3 Kc5 76. Ka5 Bc3+ 77. Ka4 Bxb5+ 78. Kb3 Ba5 0-1

[Event "44th Chess Olympiad Women 2022"]
[Site "Chennai"]
[Date "2022.08.05"]
[Round "7.25"]
[White "Rodriguez Rueda, Paula Andrea"]
[Black "Barbier, Wiebke"]
[Result "1-0"]
[WhiteElo "2237"]
[BlackElo "1970"]
[Annotator "NA RC"]
[PlyCount "81"]
[EventDate "2022.??.??"]
[TimeControl "60"]

1. d4 d5 2. c4 e6 3. Nf3 a6 4. Nbd2 Nf6 5. g3 dxc4 6. Nxc4 b5 7. Nce5 Bb7 8. Bg2 Be7 9. Nxf7 Kxf7 10. Ng5+ Ke8 11. Bxb7 Ra7 12. Bf3 Bb4+ 13. Kf1 Qe7 14. Qb3 Kd7 15. Nxe6 Qxe6 16. Qxb4 Qd6 17. Qb3 Re8 18. Bf4 Qe6 19. Qxe6+ Rxe6 20. d5 Re8 21. Rc1 Ne4 22. Kg2 a5 23. Bh5 Rf8 24. Bg4+ Kd8 25. f3 Nf6 26. Be6 Na6 27. Rhd1 Ke7 28. Rc6 Rd8 29. e4 h6 30. Rdc1 Ne8 31. a3 Nd6 32. Be3 Raa8 33.
Rxc7+ Nxc7 34. Rxc7+ Ke8 35. e5 Nc4 36. Bf7+ Kf8 37. Bc5+ Nd6 38.
Bxd6+ Rxd6 39. exd6 Rd8 40. Be6 Rxd6 41. Rf7+ 1-0

[Event "44th Chess Olympiad Women 2022"]
[Site "Chennai"]
[Date "2022.08.05"]
[Round "7.25"]
[White "Vanduyfhuys, Daria"]
[Black "Chirivi C, Jenny Astrid"]
[Result "0-1"]
[WhiteElo "2094"]
[BlackElo "2157"]
[Annotator "NA RC"]
[PlyCount "120"]
[EventDate "2022.??.??"]
[TimeControl "60"]

1. d4 Nf6 2. c4 e6 3. Nf3 Bb4+ 4. Bd2 Qe7 5. Nc3 O-O 6. g3 Bxc3 7. Bxc3 Ne4 8. Rc1 d6 9. Bg2 a5 10. O-O f5 11. Be1 Nd7 12. Nd2 Ndf6 13.
Nxe4 Nxe4 14. Qd3 e5 15. f3 Nf6 16. Bc3 exd4 17. Bxd4 Be6 18. Rfe1 Rae8 19. Qc3 b6 20. b3 Bd7 21. Bh3 f4 22. Bg2 fxg3 23.
hxg3 Nh5 24. f4 Kh8 25. e4 Qf7 26. Bf2 Qg6 27. Re3 Nf6 28.
Rce1 Ng4 29. R3e2 Qh6 30. Qd3 Nxf2 31. Rxf2 Qg6 32. Rd2 Re7 33. Re3 Bg4 34. Qf1 Rfe8 35. Qf2 h6 36. a3 Qf6 37. Qe1 Qg6 38. Kf2 Qf7 39. Kg1 a4 40. bxa4 Qxc4 41. a5 bxa5 42. Rb2 d5 43. Kh2 d4 44. Reb3 d3 45. e5 Bf5 46. Qxa5 Qc1 47. Rb7 Kh7 48. Rf2 Rd8 49. Rd2 h5 50. Bf3 h4 51. gxh4 Qe1 52. Rbb2 Qxh4+ 53. Kg1 Qg3+ 54. Bg2 Qxf4 55. Bd5 Qd4+ 56. Kf1 Qxd5 57. Rh2+ Kg8 58. Qb4 d2 59. Rbxd2 Qf3+ 60. Rhf2 Qh1+ 0-1

[Event "44th Chess Olympiad Women 2022"]
[Site "Chennai"]
[Date "2022.08.05"]
[Round "7.26"]
[White "Phan, Nguyen Mai Chi"]
[Black "Maklakova, Nellija"]
[Result "1-0"]
[WhiteElo "2139"]
[BlackElo "1819"]
[Annotator "NA RC"]
[PlyCount "57"]
[EventDate "2022.??.??"]
[TimeControl "60"]

1. Nf3 d5 2. d4 e6 3. e3 c6 4. Bd3 Nd7 5. b3 Bd6 6. Bb2 f5 7. c4 Ngf6 8. Qe2 O-O 9. cxd5 cxd5 10. O-O Ne4 11. Ba3 Qe7 12. Bxd6 Qxd6 13. Rc1 Rf6 14. Nc3 a6 15. Rc2 Rh6 16. Rac1 Qf8 17. Nb1 Ndf6 18. Ne5 g5 19. Rc7 Nd6 20. f4 gxf4 21. exf4 Nfe8 22. R7c2 Qe7 23. a4 Bd7 24. Nd2 Rd8 25. Ndf3 Ne4 26. Qe1 N8f6 27. Rc7 Nh5 28. g3 Qg7 29. Rxd7 1-0

[Event "44th Chess Olympiad Women 2022"]
[Site "Chennai"]
[Date "2022.08.05"]
[Round "7.26"]
[White "Rogule, Laura"]
[Black "Ryjanova, Julia"]
[Result "1/2-1/2"]
[WhiteElo "2292"]
[BlackElo "2284"]
[Annotator "ChessBase"]
[PlyCount "60"]
[EventDate "2022.??.??"]
[TimeControl "60"]

1. Nf3 Nf6 2. g3 b5 3. Bg2 Bb7 4. d4 e6 5. Qd3 a6 6. Nbd2 c5 7. dxc5 Bxc5 8. e4 Nc6 9. O-O d5 10. e5 Nd7 11. Qe2 Bb6 12. Nb3 Bc7 13.
Bf4 h6 14. h4 Qe7 15. a4 b4 16. a5 Nc5 17. Qe3 Nxb3 18. cxb3 Bxa5 19. Rfc1 Bd8 20. Rc2 Qd7 21. Rac1 O-O 22. Bxh6 gxh6 23. Qxh6 f6 24. Rxc6 Bxc6 25. Rxc6 Qxc6 26. Qg6+ Kh8 27. Qh6+ Kg8 28. Qg6+ Kh8 29. Qh6+ Kg8 30. Qg6+ Kh8 1/2-1/2

[Event "44th Chess Olympiad Women 2022"]
[Site "Chennai"]
[Date "2022.08.05"]
[Round "7.26"]
[White "Ter-Avetisjana, Agnesa Stepania"]
[Black "Richards, Heather S"]
[Result "1-0"]
[WhiteElo "1962"]
[BlackElo "2146"]
[Annotator "NA RC"]
[PlyCount "107"]
[EventDate "2022.??.??"]
[TimeControl "60"]

1. e4 e6 2. d4 d5 3. Nd2 c5 4. exd5 Qxd5 5. Ngf3 cxd4 6. Bc4 Qd6 7. O-O Nf6 8. Nb3 Nc6 9. Nbxd4 Nxd4 10. Nxd4 Be7 11. c3 O-O 12. Qf3 Qc5 13. Bb3 Bd7 14. Re1 a5 15. Be3 Qc7 16. a4 Bd6 17. h3 e5 18.
Nb5 Bxb5 19. axb5 e4 20. Qf5 Rfe8 21. b6 Bh2+ 22. Kf1 Qe5 23.
Qxe5 Bxe5 24. Red1 h6 25. Ra4 g5 26. g3 Kg7 27. Ke2 Re7 28.
Rda1 Nd7 29. Rxa5 Rxa5 30. Rxa5 f5 31. Bd5 f4 32. gxf4 gxf4 33.
Bc5 Nxc5 34. Rxc5 Kf6 35. Bxe4 Bxc3 36. Rf5+ Kg7 37. bxc3 Rxe4+ 38. Kf3 Re6 39. Rb5 Rc6 40. Kxf4 Rxc3 41. Rd5 Rxh3 42. Rd7+ Kf6 43. Rxb7 Rh4+ 44. Kg3 Rb4 45. Rb8 Ke7 46. f4 Kd7 47. f5 Rb3+ 48. Kg4 Rb1 49. f6 Rg1+ 50. Kh3 Ke6 51. b7 Rh1+ 52. Kg2 Rb1 53.
Re8+ Kxf6 54. b8=Q 1-0

[Event "44th Chess Olympiad Women 2022"]
[Site "Chennai"]
[Date "2022.08.05"]
[Round "7.26"]
[White "Zhang, Jilin"]
[Black "Berzina, Ilze"]
[Result "0-1"]
[WhiteElo "2212"]
[BlackElo "2141"]
[Annotator "NA RC"]
[PlyCount "90"]
[EventDate "2022.??.??"]
[TimeControl "60"]

1. e4 c6 2. d4 d5 3. exd5 cxd5 4. Bd3 Nf6 5. h3 Nc6 6. Nf3 Nb4 7. Be2 Bf5 8. Na3 e6 9. Bf4 Be7 10. O-O O-O 11. c3 Nc6 12. Nc2 h6 13.
Ne3 Bh7 14. Ne5 Nxe5 15. Bxe5 Ne4 16. Bd3 Bg5 17. Qe2 Rc8 18. Rae1 Bh4 19. Qc2 f5 20. g3 Bf6 21. Bxf6 Qxf6 22. Kh2 f4 23. Ng2 f3 24. Ne3 h5 25. Rg1 g5 26. Nf1 Rc7 27. Re3 Nd6 28.
g4 Bxd3 29. Qxd3 Qf4+ 30. Kh1 Ne4 31. Qc2 Rh7 32. Nh2 hxg4 33.
Rxg4 Qf5 34. Rexe4 dxe4 35. Qxe4 Rxh3 36. Kg1 Rf7 37. Nf1 Qxe4 38. Rxe4 Rfh7 39. Ng3 Kf7 40. Re5 Rh2 41. d5 Rg2+ 42. Kf1 Rhh2 43. dxe6+ Ke8 44. Rxg5 Rxf2+ 45. Ke1 Rxb2 0-1

[Event "44th Chess Olympiad Women 2022"]
[Site "Chennai"]
[Date "2022.08.05"]
[Round "7.27"]
[White "Gazola, Vanessa Ramos"]
[Black "Mihailova, Alina"]
[Result "0-1"]
[WhiteElo "2000"]
[BlackElo "1926"]
[Annotator "NA RC"]
[PlyCount "64"]
[EventDate "2022.??.??"]
[TimeControl "60"]

1. d4 d5 2. c4 dxc4 3. e3 Nf6 4. Bxc4 e6 5. Nf3 a6 6. O-O b5 7. Bd3 Bb7 8. a4 b4 9. Nbd2 c5 10. Qe2 Nbd7 11. a5 Be7 12. Rd1 O-O 13.
e4 cxd4 14. e5 Nd5 15. Ne4 Qc7 16. Neg5 h6 17. Nh3 Bc5 18. Qe4 N5f6 19. Qf4 Bxf3 20. Qxf3 Nxe5 21. Qg3 Nh5 22. Qh4 Nxd3 23. Rxd3 Qe5 24. g4 Qe1+ 25. Kg2 Qe4+ 26. Rf3 f5 27. Qxh5 fxg4 28. Bf4 Qxf3+ 29. Kg1 Qxh3 30. Qe5 Qf3 31. Bg3 Qf5 32. Qe2 d3 0-1

[Event "44th Chess Olympiad Women 2022"]
[Site "Chennai"]
[Date "2022.08.05"]
[Round "7.27"]
[White "Librelato, Kathie Goulart"]
[Black "Gitu, Paula-Alexandra"]
[Result "1-0"]
[WhiteElo "2255"]
[BlackElo "2109"]
[Annotator "NA RC"]
[PlyCount "129"]
[EventDate "2022.??.??"]
[TimeControl "60"]

1. d4 d6 2. Nf3 Nf6 3. c4 c6 4. Nc3 g6 5. e4 Bg7 6. Be2 O-O 7. O-O Bg4 8. Qc2 Bxf3 9. Bxf3 Nbd7 10. Rd1 Qc7 11. Be3 e5 12. h3 Rfe8 13. Rd2 Rad8 14. Rad1 exd4 15. Bxd4 Ne5 16. Qa4 Nxf3+ 17. gxf3 Nh5 18. Bxg7 Kxg7 19. Qxa7 Qe7 20. Ne2 Qg5+ 21.
Kh2 Nf4 22. Qd4+ f6 23. Rg1 Nxe2 24. Rxe2 Qf4+ 25. Rg3 d5 26. cxd5 cxd5 27. Qb4 Rd7 28. Qb5 Qd6 29. exd5 Rxe2 30. Qxe2 Qxd5 31. Qe8 Rf7 32. a3 Qd2 33. Qe3 Qxb2 34. Rg4 Qb5 35. Re4 Qd5 36. Re8 Qd6+ 37. Kg2 Qd7 38. Qe4 Qd6 39. a4 f5 40. Qc4 Qf6 41. Qc8 Qg5+ 42. Kf1 Qh4 43. Qc3+ Kh6 44. Qe3+ f4 45. Qe6 Rf5 46. Re7 Qxh3+ 47. Ke2 Qh5 48. Qd6 Qg5 49. Qc7 Qf6 50. Rxh7+ Kg5 51. Qxb7 Qe6+ 52. Kf1 Qc4+ 53. Kg2 Qxa4 54. Qe7+ Rf6 55. Qe5+ Rf5 56. Qg7 Rf6 57. Qh6+ Kf5 58. Re7 Ra6 59. Re4 Qxe4 60. Qf8+ Rf6 61. fxe4+ Ke5 62. Qg7 Ke6 63. Kf3 Ke5 64. Qe7+ Re6 65. Qg5+ 1-0

[Event "44th Chess Olympiad Women 2022"]
[Site "Chennai"]
[Date "2022.08.05"]
[Round "7.27"]
[White "Petricenco, Ana"]
[Black "Terao, Juliana Sayumi"]
[Result "1/2-1/2"]
[WhiteElo "1912"]
[BlackElo "2223"]
[Annotator "NA RC"]
[PlyCount "105"]
[EventDate "2022.??.??"]
[TimeControl "60"]

1. e4 c5 2. Nf3 e6 3. d3 Nc6 4. g3 g6 5. Bg2 Bg7 6. O-O Nge7 7. Re1 O-O 8.
e5 d6 9. exd6 Qxd6 10. Nc3 Nd4 11. Ne4 Qc7 12. c3 Nxf3+ 13. Qxf3 f5 14. Ng5 e5 15. Qe2 h6 16. Nf3 Nc6 17. Nxe5 Qxe5 18. Bxc6 Qxe2 19. Bd5+ Be6 20. Bxe6+ Qxe6 21. Rxe6 Kf7 22. Rd6 Rad8 23.
Rxd8 Rxd8 24. Be3 b6 25. Rd1 g5 26. Kf1 Ke6 27. Ke2 Bf6 28.
a4 Kd5 29. Kd2 a6 30. Kc2 Rd6 31. d4 c4 32. Re1 Re6 33. b3 b5 34. axb5 axb5 35. bxc4+ bxc4 36. Ra1 Ke4 37. Ra5 f4 38. gxf4 gxf4 39. Bd2 Bh4 40. d5 Rf6 41. Rc5 Kf3 42. Rxc4 Bxf2 43. Kd3 h5 44. Rxf4+ Rxf4 45. Bxf4 Kxf4 46. Ke2 Bb6 47. Kf1 Kf3 48. d6 h4 49. d7 h3 50. c4 Bc7 51. Kg1 Bb6+ 52. Kh1 Bc7 53. Kg1 1/2-1/2

[Event "44th Chess Olympiad Women 2022"]
[Site "Chennai"]
[Date "2022.08.05"]
[Round "7.27"]
[White "Verbin, Valentina"]
[Black "Alboredo, Julia"]
[Result "0-1"]
[WhiteElo "2069"]
[BlackElo "2264"]
[Annotator "ChessBase"]
[PlyCount "64"]
[EventDate "2022.??.??"]
[TimeControl "60"]

1. d4 Nf6 2. c4 g6 3. Nc3 Bg7 4. e4 d6 5. h3 O-O 6. Be3 e5 7. d5 a5 8. g4 Na6 9. Nf3 Nd7 10. g5 Ndc5 11. Be2 Bd7 12. Nd2 f5 13. gxf6 Qxf6 14. Nb3 Qh4 15. Bf3 Rf7 16. Qe2 Raf8 17. Nd2 Nb4 18. O-O-O Bh6 19. Kb1 Nbd3 20. Rdf1 Nf4 21. Qd1 Nfd3 22. Qe2 Bf4 23. Nd1 b5 24. b3 bxc4 25. Nxc4 a4 26. bxa4 Rb8+ 27. Ka1 Bxa4 28. Nc3 Bd7 29. Bg4 Qd8 30. Bxd7 Qxd7 31. Rb1 Ra8 32. Nb2 Nb3# 0-1